 Dungeon Crawl Stone Soup version 0.30-a0-596-g0af90f9a20 (webtiles) character file.

Game seed: 15754729943746369253

91 Demosthentine the Ducker (level 4, -1/34 HPs)
             Began as a Demonspawn Gladiator on Jan 6, 2023.
             Slain by Grinder (2 damage)
             ... on level 3 of the Dungeon.
             The game lasted 00:02:06 (2452 turns).

Demosthentine the Ducker (Demonspawn Gladiator)     Turns: 2452, Time: 00:02:06

Health: -1/34      AC:  6    Str: 13 (14) XL:     4   Next: 33%
Magic:  4/4        EV: 12    Int:  8 (9)  God:
Gold:   208        SH:  0    Dex: 14 (17) Spells: 3/3 levels left

rFire   . . .      SeeInvis .    a - +1 trident
rCold   . . .      Faith    .    (no shield)
rNeg    . . .      Spirit   .    b - +1 leather armour
rPois   .          Reflect  .    l - +2 hat
rElec   .          Harm     .    (no cloak)
rCorr   .          Rampage  .    (no gloves)
Will    .....                    (no boots)
Stlth   +                        (no amulet)
HPRegen 0.25/turn                (no ring)
MPRegen 0.09/turn                (no ring)

@: no status effects
A: ignite blood 2
a: no special abilities


You were on level 3 of the Dungeon.
You visited 1 branch of the dungeon, and saw 3 of its levels.

You collected 208 gold pieces.

Inventory:

Hand Weapons
 a - a +1 trident (weapon)
Missiles
 e - a javelin (quivered)
Armour
 b - a +1 leather armour (worn)
 l - a +2 hat (worn)
Jewellery
 g - a +5 ring of evasion
Scrolls
 c - a scroll of identify
 h - 4 scrolls of vulnerability
 n - 2 scrolls of enchant armour
Potions
 f - a potion of attraction
 i - a potion of degeneration
 j - a potion of cancellation {unknown}
 k - a potion of curing {unknown}
 o - a potion of flight {unknown}


   Skills:
 + Level 2.7 Fighting
 + Level 3.2 Polearms
 - Level 1.7 Throwing
 + Level 1.6 Armour
 + Level 3.3 Dodging


You had 3 spell levels left.
You didn't know any spells.
Your spell library contained the following spells:

 Spells                   Type           Power      Damage    Failure   Level
 Magic Dart               Conj           0%         1d3       50%         1
 Searing Ray              Conj           0%         2d4       63%         2
 Ignite Poison            Fire/Tmut/Pois 0%         N/A       86%         3
 Kindle Blastsparks       Fire/Tloc/Air  0%         2d10      86%         3
 Fulminant Prism          Conj/Hex       0%         3d5       99%         4
 Olgreb's Toxic Radiance  Pois           0%         N/A       99%         4
 Freezing Cloud           Conj/Ice/Air   0%         6-21      100%        5
 Ozocubu's Refrigeration  Ice            0%         4d7       100%        7
 Ignition                 Fire           0%         3d3       100%        8


Dungeon Overview and Level Annotations

Branches:
Dungeon (3/15)

Altars:

Annotations:
D:3 1 runed translucent door, Crazy Yiuf, Grinder


Innate Abilities, Weirdness & Mutations

Your demonic aura often causes spilled blood to erupt in flames.


Message History

Unknown command.
You hit Grinder.
Grinder is lightly wounded.
You hit Grinder.
Grinder is moderately wounded.
Grinder says, "Tell me all your secrets, or I'll kill you."
Grinder struggles against the net.
You hit Grinder but do no damage.
Grinder is moderately wounded.
Grinder struggles against the net. x2
You catch the helpless Grinder completely off-guard!
You hit Grinder but do no damage.
Grinder is moderately wounded.
Grinder struggles against the net.
The net rips apart, and Grinder comes free!
You completely miss Grinder.
Grinder is moderately wounded.
Grinder hits you.
You writhe in agony.
* * * LOW HITPOINT WARNING * * *
You barely miss Grinder.
Grinder is moderately wounded.
Grinder hits you but does no damage.
Throw: 2 throwing nets
Press: ? - help, Q - select action, (/) - cycle Shift-Dir - straight line, f/p - Grinder
Aim: Grinder (moderately wounded, 55% to hit)
You throw a throwing net. The throwing net barely misses Grinder.
Grinder gestures at you.
You suddenly lose the ability to move!
Grinder hits you.
* * * LOW HITPOINT WARNING * * *
You can move again.
Throw: throwing net
Press: ? - help, Q - select action, (/) - cycle Shift-Dir - straight line, f/p - Grinder
Aim: Grinder (moderately wounded, 55% to hit)
You throw a throwing net.
The throwing net closely misses Grinder.
Grinder hits you!
* * * LOW HITPOINT WARNING * * *
You writhe in agony.
You die...

##.....######.#.##
##.....# #.### #......#
##+## #......# ##...##
#......# ##.....##
#.#.######.......##
####....####.........##
#..........'.).......'.
#(...5@...##.........##
#..#.#.#..###.......##
#..#)###..# ##.....##
#..#..##..# ##...####
#. ##.##..# #......# #.
.....# #..###.# .###.#
#..# #.# .. ..#
#..###.## .# ##........


You could see Grinder.

Vanquished Creatures
  2 adders
  2 worms
  2 dart slugs
  2 ball pythons
  7 endoplasms
  2 giant cockroaches (D:3)
  4 goblins (D:2)
  6 hobgoblins
  4 jackals (D:3)
  7 kobolds
  3 quokkas
  4 bats
  7 frilled lizards
  5 rats
57 creatures vanquished.

Notes
Turn   | Place    | Note
-------+----------+-------------------------------------------
     0 | D:1      | Demosthentine the Demonspawn Gladiator began the quest for
                  | the Orb.
     0 | D:1      | Reached XP level 1. HP: 16/16 MP: 1/1
   188 | D:1      | Gained mutation: Your demonic aura sometimes causes spilled
                  | blood to erupt in flames. [demonic ancestry]
   188 | D:1      | Reached XP level 2. HP: 17/22 MP: 2/2
   964 | D:2      | Reached skill level 1 in Armour
   964 | D:2      | Gained mutation: Your demonic aura often causes spilled
                  | blood to erupt in flames. [demonic ancestry]
   964 | D:2      | Reached XP level 3. HP: 16/28 MP: 3/3
  2001 | D:3      | Reached XP level 4. HP: 34/34 MP: 4/4
  2150 | D:3      | Found a runed translucent door.
  2151 | D:3      | Noticed Crazy Yiuf
  2421 | D:3      | Noticed Grinder
  2450 | D:3      | Paralysed by Grinder for 2 turns
  2452 | D:3      | HP: 1/34 [Grinder (8)]
  2452 | D:3      | Slain by Grinder

Illustrated notes

Levels and vault maps discovered:
D:1:      minmay_arrival_open_corners, layout_loops_corners
D:2:      layout_rooms, minivault_4, minivault_14
D:3:      layout_loops_corners, minmay_misc_feat_rows, uniq_grinder,
          uniq_crazy_yiuf_cottage

Skill      XL: |  1  2 |
---------------+-------+-----
Polearms       | 3 |  3.2
Armour         | 1 |  1.6
Dodging        | 3 |  3.3
Fighting       | |  2.7
Throwing       | |  1.7

Action                   |  1- 3 |  4- 6 || total
-------------------------+-------+-------++-------
Melee: Trident           |   123 |    63 ||   186
       Punch             |     1 |     1 ||     2
Throw: Throwing net      |       |     3 ||     3
  Use: Scroll            |     5 |     2 ||     7
       Potion            |       |     1 ||     1
 Stab: Sleeping          |     4 |       ||     4
       Distracted        |     1 |       ||     1
       Held in net/web   |       |     1 ||     1
Armor: Leather armour    |    23 |    14 ||    37
Dodge: Dodged            |    40 |    29 ||    69

Table legend: (Time is in decaauts)
 A = Elapsed time spent in this place.
 B = Non-inter-level travel time spent in this place.
 C = Inter-level travel time spent in this place.
 D = Time resting spent in this place.
 E = Time spent auto-exploring this place.
 F = Levels seen in this place.
 G = Mean time per level.
                   A        B        C        D        E       F      G
               +--------+--------+--------+--------+--------+-----+--------+
         Total |   2480 |   2430 |     50 |      0 |   1971 |   3 |  826.7 |
       Dungeon |   2480 |   2430 |     50 |      0 |   1971 |   3 |  826.7 |
               +--------+--------+--------+--------+--------+-----+--------+

Top non-repeatable levels by time:
     D:1: 953 daAuts
     D:3: 937 daAuts
     D:2: 590 daAuts
